[Event "ESP-ch U2000 2024"]
[Site "Albacete"]
[Date "2024.08.27"]
[Round "1.1"]
[White "Costa Tejedor, Juan Carlos"]
[Black "Gutierrez Marco, Dario"]
[Result "0-1"]
[ECO "B49"]
[WhiteElo "1850"]
[BlackElo "1988"]
[Annotator "TA"]
[PlyCount "110"]
[EventDate "2024.08.27"]
[EventType "swiss"]
[EventCountry "ESP"]
[SourceTitle "playchess.com"]
[Source "ChessBase"]
[SourceQuality "1"]
[TimeControl "5400+30"]

1. e4 c5 2. Nf3 e6 3. d4 cxd4 4. Nxd4 Nc6 5. Nc3 Qc7 6. Be3 a6 7. Be2 b5 8. a3 Bb7 9. Nb3 (9. f4 $11) 9... d6 10. O-O Nf6 {[%emt 0:00:33] The position is equal.} 11. f4 Be7 12. Bf3 e5 (12... O-O $11) 13. Nd5 $16 Nxd5 (13... Qb8 $1 $14) 14. exd5 Nd8 15. fxe5 dxe5 16. Qe1 (16. a4 $16 {Threatens to win with axb5.} Rb8 17. axb5 axb5 18. Be2) 16... Qxc2 (16... O-O $1 $11) 17. Na5 Bd6 (17... O-O $16) 18. Bd4 $2 (18. Rc1 $18 Qf5 19. Qh4) 18... Qc7 $11 19. Rc1 Qe7 20. Bb6 Rc8 21. Rxc8 Bxc8 22. Qc3 Bd7 23. Kh1 O-O 24. Rc1 (24. Nc6 $11 Bxc6 25. dxc6) 24... e4 $17 25. Be2 Be5 26. Bd4 Re8 27. Bxe5 Qxe5 28. Qxe5 Rxe5 29. Nc6 Nxc6 30. dxc6 {[%emt 0:00:02][%mdl 4096] Endgame. KRB-KRB} Bc8 31. Rd1 ({White should try} 31. a4) 31... Kf8 32. c7 $2 (32. g4 $17 {was worth a try.}) 32... Re8 $2 (32... Rc5 $1 $19 33. a4 (33. Rd8+ $2 Ke7 $19) 33... bxa4 (33... Rxc7 $2 34. axb5 Rc2 35. Bf1 $19)) 33. Rd4 (33. Rd8 Ke7 34. Rxe8+ Kxe8 $17) (33. a4 $1 $11 {remains equal.} bxa4 34. h4) 33... f5 (33... e3 $6 34. Kg1 $11) (33... Be6 $17 {...Rc8 is the strong threat.} 34. a4 (34. Rxe4 Rc8 $11) 34... Rc8 35. axb5 axb5 36. Rxe4 (36. Rd8+ $2 Ke7 $17) 36... Rxc7) 34. Kg1 $2 (34. a4 $11 bxa4 35. g3) 34... Ke7 $19 35. a4 {[%emt 0:00:06] [#]} bxa4 ({Black should play} 35... Be6 $1 $19 {And now ...Rc8 would win.} 36. Bxb5 (36. axb5 $2 axb5 37. g4 g6 $19) 36... axb5 37. axb5 Bc8) 36. Rxa4 (36. g3 $11 {and White stays safe.}) 36... Kd6 37. Bxa6 e3 (37... g6 $17 38. Kf2 Bxa6 (38... Kxc7 39. Rc4+ Kb8 40. Rb4+ Ka7 41. Be2 $17) 39. Rxa6+ Kxc7 40. Ra7+ Kd6 41. Rxh7 Rb8) 38. Kf1 $11 Re4 (38... Kxc7 39. Bxc8 (39. Rc4+ Kb8 $11) 39... Kxc8 (39... Rxc8 40. Ke2 $18) 40. Ke2) 39. Ra5 Re5 40. Ra3 Bxa6+ (40... Kxc7 $2 41. Rc3+ Kb6 42. Bxc8 $18) 41. Rxa6+ Kxc7 {[%emt 0:00:00] KR-KR} 42. Ra7+ Kd6 {[%emt 0:00:01] White must now prevent ...g5.} 43. Rxg7 Rb5 44. Ke2 f4 45. Rg4 (45. Rxh7 $11 {keeps the balance.} Rxb2+ 46. Kf1) 45... Rxb2+ $17 46. Ke1 Ke5 47. Rg5+ Ke4 {[%emt 0:00:10] ( -> ...Rb1+). Black has more active pieces.} 48. Rg7 h5 49. Re7+ (49. Rg8 $17) 49... Kf5 50. Rf7+ $2 {[%emt 0:00:21] [#]} (50. Kf1 $17) 50... Ke5 $1 $19 51. g3 Rxh2 $2 (51... Ke4 {mates} 52. Kd1 e2+ (52... Rxh2 $2 53. Rf8 $19) (52... f3 $2 53. Re7+ Kd4 54. Rd7+ Kc5 55. Kc1 $19) 53. Ke1 Kf3 (53... f3 54. Kf2 $19) 54. Re7 Rb1+ (54... fxg3 55. Rf7+ Kg2 56. hxg3 $11) 55. Kd2 Rd1+ (55... fxg3 $2 56. Re3+ Kf2 57. Rxe2+ Kf1 58. Re5 $19) 56. Kc2 fxg3 (56... e1=N+ 57. Kxd1 fxg3 58. hxg3 $11) 57. Rf7+ Kg2 58. Re7 e1=Q (58... e1=R {leads to mate.} 59. Rg7 Kxh2 60. Rf7 g2 61. Rf2 Kh1 62. Rf5 g1=Q 63. Rxh5+ Kg2 64. Rg5+ Kf3 65. Rxg1 Rxg1 66. Kb3 Rb1+ 67. Kc4 Ke4 68. Kc5 Rg6 69. Kc4 Rc6#) 59. Rxe1 Rxe1 60. hxg3 Re3 61. Kd2 Rxg3 (61... Kxg3 62. Kxe3 h4 63. Ke4 h3 64. Ke3 h2 65. Ke4 h1=Q+ 66. Ke5 Qd1 67. Kf5 Qd7+ 68. Ke4 Qd6 69. Ke3 Qd5 70. Ke2 Qd4 71. Ke1 Kf3 72. Kf1 Qf2#) 62. Kd1 h4 63. Ke1 h3 (63... Re3+ 64. Kd2 Kf3 65. Kc2 h3 66. Kd2 h2 67. Kc2 h1=Q 68. Kd2 Qe1+ 69. Kc2 Qf2+ 70. Kd1 Re1#) 64. Kd2 h2 65. Ke1 h1=Q+ (65... h1=R+ 66. Kd2 Rh2 67. Ke1 Kh1 68. Kf1 Rg1#) 66. Kd2 Kh3 67. Ke2 Qh2+ 68. Kf1 Rg1#) 52. gxf4+ $2 (52. Rxf4 $11 Kd5 53. Rb4) 52... Ke4 {[%emt 0:00:00] Black mates.} 53. f5 Kf3 54. Kd1 e2+ 55. Kd2 Rh1 {[%emt 0:00:06] A wild game.   Weighted Error Value: White=0.73/Black=0.51.  Loses game:     	White=3     	---        Missed win:     	White=1     	Black=3      Mistake:       	White=9     	Black=6      Inaccurate:     	White=2     	Black=3      OK:         	White=14    	Black=14     Best:        	White=5     	Black=2      Strong:       	---       	Black=1} 0-1

[Event "ESP-ch U2000 2024"]
[Site "Albacete"]
[Date "2024.08.27"]
[Round "1.2"]
[White "Perez Gonzalez, Daniel"]
[Black "Costa Iniesta, Prudencio"]
[Result "1-0"]
[ECO "A11"]
[WhiteElo "1981"]
[BlackElo "1844"]
[Annotator "TA"]
[PlyCount "53"]
[EventDate "2024.08.27"]
[EventType "swiss"]
[EventCountry "ESP"]
[SourceTitle "playchess.com"]
[Source "ChessBase"]
[SourceQuality "1"]
[TimeControl "5400+30"]

1. e4 a6 2. d4 b5 3. Nf3 Bb7 4. Bd3 e6 5. O-O c5 6. c3 Nf6 7. Qe2 Nc6 8. a3 (8. d5 $16 Ne7 9. dxe6 fxe6 10. a4) 8... Qb6 9. dxc5 Bxc5 10. Nbd2 {[%emt 0:01:18] White is slightly better.} O-O ({Black should play} 10... Qc7 $14) 11. e5 $1 $18 Nd5 {[%emt 0:04:05] [#]} 12. Ne4 ({Better is} 12. Bxh7+ $1 $16 Kxh7 13. Ng5+ Kg6 (13... Kg8 $2 14. Qh5 $18) 14. Ndf3 (14. Nde4 f5 $17)) 12... Be7 $14 13. a4 f5 ({Black should try} 13... Na5 $14) 14. exf6 $16 Nxf6 15. Bg5 (15. Nxf6+ $16 Bxf6 16. Ng5 (16. axb5 axb5 17. Rxa8 Rxa8 $16) 16... Bxg5 17. Bxg5) 15... b4 16. Nxf6+ Bxf6 17. Qe4 g6 {[%emt 0:01:01][%cal Oc6e5] Threatens to win with ...Ne5!} 18. Qh4 Bg7 (18... Qd8 $14) 19. Be3 Qd8 20. Ng5 $40 {[%emt 0:08:09][%csl Gg5][%cal Rh4h7,Bf3g5,Bg5h7,Bh7f8][%mdl 160] White attacks with force. White is more active.} (20. cxb4 Qxh4 (20... Bxb2 $2 21. Ng5 $16) 21. Nxh4 Nxb4 $19) 20... h6 {[%emt 0:03:54] ...Ne5 is the strong threat.} 21. Bxg6 $1 {[%emt 0:04:28] Strongly threatening Bh7+.} Ne5 (21... bxc3 $16 {keeps fighting.} 22. Rad1 (22. bxc3 Ne7 $16) 22... cxb2) 22. Bc2 (22. Qxb4 hxg5 (22... Nxg6 23. Nxe6 dxe6 24. Qxb7 $15) 23. Qxb7 Nxg6 $17) (22. Bh7+ $18 Kh8 23. cxb4 (23. Qxb4 $2 hxg5 24. Qxb7 Kxh7 $19)) 22... b3 $2 (22... hxg5 $2 23. Qh7+ Kf7 24. f4 $18 (24. cxb4 $2 Rh8 $19) (24. cxb4 $2 Rh8 $19)) (22... Rc8 $14) 23. Bb1 (23. Bxb3 $2 hxg5 24. Qg3 (24. Bxg5 Bf6 $19) 24... Be4 $17) ({White has to play} 23. Bh7+ $18 Kh8 24. Qh3) 23... Qf6 {[%emt 0:01:24] [#]} (23... hxg5 $2 24. Qh7+ Kf7 25. f4 $18) (23... Bd5 $16 {was necessary.}) 24. Qh5 $1 $18 Nc4 {[%emt 0:05:11][%cal Oc4e3] [#] White must now prevent ...Nxe3!} ({Not} 24... hxg5 25. Bh7+ (25. Bxg5 Qf5 $18) 25... Kh8 26. Bg6+ (26. Bxg5 Nf3+ 27. gxf3 Qxf3 $11) (26. Bxg5 Nf3+ 27. gxf3 Qxf3 $14)) (24... Bd5 25. Nh7) 25. Nh7 $1 {[%emt 0:01:48] White has a decisive advantage.} Qe5 26. Qxe5 Bxe5 27. Nxf8 {[%emt 0:00:09] Weighted Error Value: White=0.24 (precise) /Black=0.56.  Loses game:     	---       	Black=1      Mistake:       	White=4     	Black=5      Inaccurate:     	---       	Black=1      OK:         	White=5     	Black=4      Best:        	White=4     	Black=2      Strong:       	White=3     	---} (27. Bxh6 $2 {too greedy.} Rf7 28. Nf8 (28. Ng5 $2 Rf6 $19) 28... Raxf8 29. Bxf8 Kxf8 $19 (29... Rxf8 $2 30. Re1 $19)) 1-0

[Event "ESP-ch U2000 2024"]
[Site "Albacete"]
[Date "2024.08.27"]
[Round "1.3"]
[White "Asensi Cone, Eric"]
[Black "Perez Garcia, Juan Angel"]
[Result "0-1"]
[ECO "C25"]
[WhiteElo "1841"]
[BlackElo "1979"]
[Annotator "TA"]
[PlyCount "80"]
[EventDate "2024.08.27"]
[EventType "swiss"]
[EventCountry "ESP"]
[SourceTitle "playchess.com"]
[Source "ChessBase"]
[SourceQuality "1"]
[TimeControl "5400+30"]

1. e4 e5 2. Nc3 Bc5 3. f4 d6 4. Nf3 a6 5. Bc4 Nc6 6. d3 Nf6 7. Qe2 Bg4 {[%emt 0:00:45] Hoping for ...Nd4.} 8. Be3 {[%emt 0:04:27] [#]} (8. fxe5 $15 dxe5 (8... Nxe5 9. Bg5 $15) 9. Be3) 8... Nd4 (8... exf4 $1 $17 9. Bxc5 dxc5) 9. Bxd4 $15 {[%emt 0:02:11] Black is slightly better.} Bxd4 10. h3 Bxf3 11. Qxf3 O-O 12. Ne2 Bxb2 13. Rb1 Ba3 14. Rxb7 Bc5 15. g4 {[%emt 0:01:01] [#]} ({White should try} 15. fxe5 $15 dxe5 16. Rf1) 15... Rb8 (15... Bb6 $1 $17 16. g5 Nd7 (16... Qc8 $2 17. Rxb6 Nd7 18. Rb3 $18)) 16. Rb3 c6 17. g5 (17. fxe5 $1 $11 dxe5 18. Kf1) 17... Nd7 {[%emt 0:00:13] And now ...Qa5+ would win.} 18. h4 ({Better is} 18. Rxb8 $15 Qxb8 19. f5) 18... Nb6 19. Bxa6 Ra8 20. Bb7 (20. d4 $17 Bxd4 (20... exd4 21. Bd3 $15) 21. Nxd4 exd4 (21... Rxa6 22. Nxc6 Qc7 23. Nb4 $11) 22. Be2) 20... Rxa2 $19 21. Bxc6 Rxc2 22. g6 $2 (22. Bb5 {keeps fighting.}) 22... Qc7 {[%emt 0:00:40] White is weak on the dark squares} (22... fxg6 23. h5 $19) 23. gxh7+ Kh8 24. Bb5 Ra8 (24... Kxh7 25. d4 Bxd4 (25... exd4 26. Bd3 $11) 26. Nxd4 exd4 27. Bd3 $19) 25. Rb1 {[%emt 0:01:20] Dodges Ra1} Raa2 (25... Kxh7 26. Rh2 $19) 26. d4 Bxd4 (26... exd4 $2 27. Bd3 Rd2 28. h5 $19) 27. Bd3 (27. fxe5 $142 Bc3+ (27... Bxe5 $2 28. O-O $19) (27... dxe5 $2 28. h5 $19) 28. Kf1 Bxe5 29. Bd3) 27... Rcb2 28. fxe5 (28. Rxb2 $142 Rxb2 29. Kf1) 28... dxe5 $2 (28... Rxb1+ 29. Bxb1 Nc4) 29. Rxb2 Rxb2 (29... Bxb2 30. O-O $19) 30. Nxd4 $2 (30. h5 $19 Qe7 (30... Kxh7 31. h6 $17) 31. Kf1) 30... Qc3+ 31. Kf1 Qxd4 (31... Qc1+ $142 32. Qd1 Qxd1#) 32. Be2 Nc4 {[%emt 0:02:56] ( -> ...Nd2+)} (32... Kxh7 33. Qxf7 Nd7 (33... Qxe4 34. Qh5+ Kg8 35. Qe8+ Kh7 36. Qh5+ Kg8 37. Qe8+ Kh7 38. Qh5+ $11) 34. Qf3 $17) 33. Qd3 (33. Kg2 $142 Nd6 (33... Kxh7 34. Qf5+ Kg8 35. Qc8+ Kh7 36. Qf5+ Kg8 37. Qc8+ Kh7 38. Qf5+ $11) 34. Re1) 33... Ne3+ 34. Kf2 Ng4+ 35. Kf3 Qf2+ 36. Kxg4 Rxe2 37. Qf3 Kxh7 $2 (37... f5+ 38. exf5 Qd4+ (38... Kxh7 39. Qxf2 Rxf2 40. Rc1 $11) 39. Kg3 Re3) 38. Qxf2 $2 (38. Rf1 Qxf3+ 39. Kxf3) 38... Rxf2 {[%emt 0:00:08] Black is clearly winning.} 39. Kg3 Rf4 40. Re1 Kh6 {[%emt 0:00:20] Weighted Error Value: White=1.14/Black=0.73.  Mistake:       	White=10    	Black=2      Inaccurate:     	White=2     	Black=2      OK:         	White=8     	Black=10     Best:        	White=1     	Black=4} 0-1

[Event "ESP-ch U2000 2024"]
[Site "Albacete"]
[Date "2024.08.27"]
[Round "1.4"]
[White "Sierra Lopez, Yeray"]
[Black "Gerona Maura, Jesus"]
[Result "1-0"]
[ECO "B52"]
[WhiteElo "1972"]
[BlackElo "1839"]
[Annotator "TA"]
[PlyCount "53"]
[EventDate "2024.08.27"]
[EventType "swiss"]
[EventCountry "ESP"]
[SourceTitle "playchess.com"]
[Source "ChessBase"]
[SourceQuality "1"]
[TimeControl "5400+30"]

1. e4 c5 2. Nf3 d6 3. Bb5+ Bd7 4. Bxd7+ Qxd7 5. O-O Nc6 6. c3 g6 7. d4 cxd4 8. cxd4 Bg7 9. Nc3 Nf6 10. h3 d5 11. e5 Ne4 12. Ne2 {[%emt 0:23:12] The position is equal.} f6 13. Bf4 O-O 14. Rc1 g5 15. Bh2 f5 {[%emt 0:11:59] [#]} (15... Rad8 $11) 16. Ne1 $1 $16 g4 {[%emt 0:00:51] [#]} (16... Bh6 $16) 17. Bf4 $1 $18 h6 (17... Qe6 $142 18. f3 gxf3 19. gxf3 Nf6 20. exf6 Bxf6) 18. h4 g3 (18... Rad8 $142 19. f3 b5 20. fxe4 dxe4 21. Qb3+ e6) 19. f3 ({Don't play} 19. Bxg3 Nxg3 20. fxg3 e6 $18) ({Not} 19. fxg3 Qd8 20. Nd3 Qb6 $18) (19. Nxg3 Nxg3 20. fxg3 Rac8 $18) 19... Nf2 20. Qd2 {[%emt 0:00:17] White is clearly winning.} Qe6 21. Nxg3 Ne4 22. fxe4 fxe4 23. Nc2 Qg4 24. Ne3 Qxh4 25. Nef5 Qg4 26. Bxh6 Rf7 27. Bxg7 {Weighted Error Value: White=0.02 (flawless) /Black=0.48.  Mistake:       	---       	Black=4      Inaccurate:     	---       	Black=1      OK:         	White=10    	Black=4      Best:        	White=1     	Black=1      Strong:       	White=2     	---} 1-0

[Event "ESP-ch U2000 2024"]
[Site "Albacete"]
[Date "2024.08.27"]
[Round "1.5"]
[White "Roche Fraile, Carlos"]
[Black "Moreno Gutierrez, Victor Manuel"]
[Result "1/2-1/2"]
[ECO "B22"]
[WhiteElo "1837"]
[BlackElo "1971"]
[Annotator "TA"]
[PlyCount "75"]
[EventDate "2024.08.27"]
[EventType "swiss"]
[EventCountry "ESP"]
[SourceTitle "playchess.com"]
[Source "ChessBase"]
[SourceQuality "1"]
[TimeControl "5400+30"]

1. e4 c5 2. c3 d5 3. exd5 Qxd5 4. Nf3 g6 5. d4 Nc6 6. Na3 {[%emt 0:00:46] [#] Threatens to win with Nb5.} Bg4 $1 7. Be3 Bxf3 8. gxf3 {[%emt 0:00:21] Black has an edge.} cxd4 {[%emt 0:00:34] ...e5 is the strong threat.} 9. Nb5 O-O-O {[%emt 0:01:10] Prevents Nc7.} 10. Nxd4 e5 11. Bh3+ f5 12. Nxc6 Qxc6 13. Qe2 Kb8 14. O-O Bg7 15. Rfd1 Ne7 16. Rxd8+ Rxd8 17. Rd1 Rxd1+ 18. Qxd1 Qd5 19. Qxd5 Nxd5 $11 {[%emt 0:00:04][%mdl 4096] Endgame. KBB-KBN} 20. Kf1 b6 21. Ke2 Kc7 22. Kd3 Bf6 23. c4 (23. Bf1 $11 {keeps the balance.}) 23... Nb4+ 24. Kc3 Nc6 (24... Nxa2+ $2 {loses.} 25. Kb3 $18) 25. Kd3 Kd6 26. a3 f4 ({Black should try} 26... Nd8 $15) 27. Bd2 Nd4 28. Bg2 h5 29. b4 h4 30. h3 Bd8 31. Bxf4 Ne6 32. Be3 Bg5 33. Ke4 Bf4 (33... Bf6 $142) 34. Bxf4 $16 Nxf4 35. Bf1 Ne6 {[%emt 0:00:05] [#]} 36. Bg2 (36. f4 $1 $16 Nxf4 37. Kf3) 36... Ng5+ ({Better is} 36... Nf4 $11 37. Bf1 Ne6) 37. Ke3 {[%emt 0:00:40] next f4 is good for White.} Ne6 38. Ke4 {[%emt 0:00:08] Weighted Error Value: White=0.15 (very precise) /Black=0.16 (very precise) .  Mistake:       	White=2     	Black=3      Inaccurate:     	White=2     	Black=4      OK:         	White=12    	Black=5      Best:        	White=3     	Black=2      Strong:       	---       	Black=1} 1/2-1/2

[Event "ESP-ch U2000 2024"]
[Site "Albacete"]
[Date "2024.08.27"]
[Round "1.6"]
[White "Sierra Pena, Mario"]
[Black "Rios Torondell, Jaume"]
[Result "1-0"]
[ECO "A34"]
[WhiteElo "1971"]
[BlackElo "1835"]
[Annotator "TA"]
[PlyCount "65"]
[EventDate "2024.08.27"]
[EventType "swiss"]
[EventCountry "ESP"]
[SourceTitle "playchess.com"]
[Source "ChessBase"]
[SourceQuality "1"]
[TimeControl "5400+30"]

1. c4 c5 2. Nc3 e6 3. g3 Nc6 4. Bg2 g6 5. d3 Nf6 6. e4 d6 7. Nge2 Bg7 8. O-O O-O 9. a3 Re8 10. Rb1 a5 11. h3 {[%emt 0:01:31] White is better.} Bd7 12. Be3 {[%emt 0:01:22] Repels Nd4} e5 13. f4 exf4 14. Bxf4 Ne5 (14... Nh5 $11 {keeps the balance.}) 15. Qd2 $16 Nh5 16. Bg5 f6 17. Be3 Bh8 18. Nd5 {[%emt 0:03:12] Threatens to win with g4.} Bc6 19. g4 Bxd5 20. cxd5 Ng7 21. d4 ({White should play} 21. Rbc1 $16) 21... Nc4 $14 22. Qc3 Nxe3 23. Qxe3 b6 {[%emt 0:02:44][%cal Of6f5] Black is weak on the light squares} 24. Qc3 {[%emt 0:13:34] [#] White is more active.} (24. Rf2 $16) 24... f5 $1 $11 25. Qf3 (25. gxf5 Nxf5 26. Qf3 Qe7 (26... Bxd4+ 27. Nxd4 Nxd4 28. Qf7+ Kh8 29. Qf6+ Qxf6 30. Rxf6 $17) 27. exf5 Qxe2 28. fxg6 Bxd4+ 29. Kh1 Qxf3 (29... Bxb2 30. Qf7+ Kh8 31. Qxh7#) 30. gxh7+ Kxh7 31. Bxf3 Re3 $16) (25. Rf4 $11) (25. e5 Qh4) 25... Rxe4 $17 ({Not} 25... fxe4 26. Qf7#) 26. Ng3 (26. gxf5 $15 gxf5 27. dxc5 bxc5 28. Ng3) 26... Rxd4 27. gxf5 Qf8 $2 {[%emt 0:07:22][%mdl 8192] Loses the game.} (27... gxf5 $17 {keeps the pressure on. Strongly threatening ...Qg5.} 28. Nxf5 Nxf5 29. Qxf5 Be5) 28. f6 $40 {[%emt 0:01:26][%mdl 128] White has strong attack.} Nf5 $2 (28... Ra7 {was worth a try.}) 29. Nxf5 gxf5 30. Qxf5 {[%emt 0:01:00] [#] Threatening mate with f7+.} Qf7 31. Rbe1 {[%emt 0:00:43] White wants to mate with Re7.} Rf8 (31... Qxf6 $142 32. Qxf6 Bxf6 33. Rxf6 Rd8) 32. Re7 Qxf6 33. Qxh7# {Weighted Error Value: White=0.25 (precise) /Black=0.76.  Loses game:     	---       	Black=1      Mistake:       	White=4     	Black=3      Inaccurate:     	White=1     	Black=5      OK:         	White=9     	Black=7      Best:        	White=3     	Black=4      Brilliant:      	---       	Black=1} 1-0

[Event "ESP-ch U2000 2024"]
[Site "Albacete"]
[Date "2024.08.27"]
[Round "1.7"]
[White "Martinez Martin, Francisco"]
[Black "Lopez Ruiz, Jarein"]
[Result "0-1"]
[ECO "A01"]
[WhiteElo "1832"]
[BlackElo "1970"]
[Annotator "TA"]
[PlyCount "52"]
[EventDate "2024.08.27"]
[EventType "swiss"]
[EventCountry "ESP"]
[SourceTitle "playchess.com"]
[Source "ChessBase"]
[SourceQuality "1"]
[TimeControl "5400+30"]

1. b3 Nf6 2. Bb2 g6 3. Bxf6 exf6 4. Nf3 f5 5. e3 Bg7 6. d4 O-O 7. Bd3 d6 (7... c5 $5) 8. O-O {[%emt 0:00:12] Black has an edge.} Nd7 9. Nbd2 Nf6 10. c4 Re8 11. Qc2 Qe7 12. Rae1 Ne4 13. h3 c6 {[%emt 0:13:06] Black is more active.} 14. Bxe4 (14. Nb1 $15) 14... fxe4 $17 15. Nh2 c5 16. f3 (16. dxc5 $15 dxc5 17. f3) 16... cxd4 $19 17. Qxe4 dxe3 18. Qxe7 Rxe7 19. Ne4 Bf5 (19... f5 $19 20. Nxd6 Be6) 20. Re2 (20. Ng4 $17 {might work better.}) 20... Bxe4 21. fxe4 Rxe4 22. Ng4 (22. Rd1 $142) 22... f5 23. Nh2 {[%emt 0:00:41] [#]} b5 $1 24. Rc1 (24. cxb5 d5) 24... bxc4 25. Rxc4 Rxc4 26. bxc4 Rc8 {[%emt 0:00:24] Weighted Error Value: White=0.48/Black=0.23 (precise) .  Mistake:       	White=4     	Black=1      Inaccurate:     	White=3     	Black=2      OK:         	White=5     	Black=9      Best:        	---       	Black=1} 0-1

[Event "ESP-ch U2000 2024"]
[Site "Albacete"]
[Date "2024.08.27"]
[Round "1.8"]
[White "Reig Albero, Ferran"]
[Black "Ainsa Jimenez, Lucas"]
[Result "1/2-1/2"]
[ECO "B10"]
[WhiteElo "1969"]
[BlackElo "1823"]
[Annotator "TA"]
[PlyCount "79"]
[EventDate "2024.08.27"]
[EventType "swiss"]
[EventCountry "ESP"]
[SourceTitle "playchess.com"]
[Source "ChessBase"]
[SourceQuality "1"]
[TimeControl "5400+30"]

1. e4 c6 2. Nc3 d5 3. Nf3 dxe4 4. Nxe4 Nf6 5. Nxf6+ exf6 6. d4 Bd6 7. Bd3 O-O 8. O-O Re8 9. h3 Nd7 10. Bd2 Nf8 11. c4 Bc7 12. Qc2 Qd6 13. Rad1 Be6 14. Rfe1 Rad8 15. Be3 (15. Re3 $14) 15... Ng6 16. d5 cxd5 17. cxd5 Bxd5 18. Bxg6 hxg6 19. Rxd5 Qxd5 20. Qxc7 Rd7 ({Black should play} 20... Rc8 $11 21. Qf4 Re4) 21. Qc3 Rde7 22. a3 a6 23. Rc1 Rd7 24. Qc4 Qd6 25. b4 {[%emt 0:04:23] Black is weak on the dark squares} Red8 26. a4 Qb8 27. a5 {[%emt 0:03:51] White is much more active.} Rd1+ 28. Ne1 Rxc1 29. Qxc1 ({Much weaker is} 29. Bxc1 Rd1 30. Kf1 b6 $14) 29... Rc8 30. Qd1 Rd8 31. Qc2 Qe5 32. Nf3 Qe6 33. Nd4 Qe5 34. Nb3 (34. Qc4 {is more complex.} g5 35. g3 Qe4 36. Qc7) 34... Qb5 35. Bc5 Qe8 36. Nd4 (36. Kh2 $16) 36... Qe1+ $11 {[%emt 0:00:28] The position is equal.} 37. Kh2 Qe5+ 38. Kg1 Qe1+ 39. Kh2 Qe5+ 40. Kg1 {Weighted Error Value: White=0.12 (very precise) /Black=0.12 (very precise) .  Mistake:       	White=2     	Black=1      Inaccurate:     	White=1     	Black=3      OK:         	White=11    	Black=8      Best:        	White=2     	Black=4} 1/2-1/2

[Event "ESP-ch U2000 2024"]
[Site "Albacete"]
[Date "2024.08.27"]
[Round "1.9"]
[White "Izuzquiza Gonzalez, Javier"]
[Black "Benitez Fernandez, Martin Jesus"]
[Result "1-0"]
[ECO "E18"]
[WhiteElo "2002"]
[BlackElo "1968"]
[Annotator "TA"]
[PlyCount "93"]
[EventDate "2024.08.27"]
[EventType "swiss"]
[EventCountry "ESP"]
[SourceTitle "playchess.com"]
[Source "ChessBase"]
[SourceQuality "1"]
[TimeControl "5400+30"]

1. d4 Nf6 2. Nf3 e6 3. g3 b6 4. Bg2 Bb7 5. c4 Be7 6. O-O O-O 7. Nc3 Ne4 8. Re1 Nxc3 9. bxc3 f5 10. Nd2 {[%emt 0:12:36] The position is equal.} Bxg2 11. Kxg2 d6 12. e4 Nd7 (12... e5 $11 {remains equal.}) 13. Nf3 (13. exf5 $16 exf5 14. Qf3) 13... Kh8 (13... fxe4 $11 14. Rxe4 e5) 14. h4 (14. exf5 $16 exf5 15. Qa4) 14... e5 15. dxe5 fxe4 16. Rxe4 dxe5 17. Qe2 (17. Nxe5 {simplifies} Nxe5 18. Qxd8 Raxd8 19. Rxe5 Bf6 20. Rd5) 17... Bd6 18. Ng5 Qf6 {[%emt 0:01:30] Prevents Ne6.} 19. Qc2 g6 {[%emt 0:05:23] And now ...h6 would win.} ({Don't go for} 19... h6 $2 20. Rf4 hxg5 21. Rxf6 Rxf6 22. Bxg5 $18 (22. hxg5 Re6 $18)) 20. Qe2 Bc5 (20... h6 {simplifies} 21. Nh3 Qg7 22. Re3 Rae8) 21. Be3 Bxe3 (21... Qc6 $5 22. f3 $8 Bd6 $11) 22. Rxe3 Nc5 23. Re1 Rae8 24. Rxe5 Rxe5 25. Qxe5 Qxe5 26. Rxe5 Rxf2+ 27. Kxf2 $16 Nd3+ 28. Ke3 Nxe5 $18 {[%emt 0:00:09][%mdl 4096] Endgame. KN-KN} 29. Kd4 Ng4 {[%emt 0:02:20] [#]} 30. c5 $1 c6 (30... Kg8 $16 {was worth a try.} 31. c6 (31. Ne6 bxc5+ 32. Kxc5 Nf6 $16) 31... Kf8 32. Nxh7+ Ke7) 31. Ne6 {[%emt 0:00:40] a4 would now be deadly.} Nh6 32. Nd8 (32. cxb6 $18 {is more deadly.} axb6 33. Ke5) 32... Nf5+ $16 33. Kc4 (33. Ke5 $16 bxc5 34. Nxc6) 33... Ne7 (33... Nxg3 $11 34. Nxc6 Ne4) 34. a4 Kg7 35. cxb6 ({Worse is} 35. g4 Kf8 $15) 35... axb6 {[%emt 0:00:02] [#]} 36. Ne6+ (36. Nxc6 $1 $18 Nxc6 37. Kb5) 36... Kf6 $11 37. Nf8 b5+ 38. axb5 cxb5+ 39. Kxb5 h5 40. c4 Kf5 41. c5 Kg4 42. c6 Kxg3 $2 (42... Nxc6 $11 43. Kxc6 g5) 43. c7 $18 g5 44. hxg5 {[%emt 0:01:20][%cal Bh4g5,Bg5g6,Bg6g7][%mdl 32] White mates.} Kf4 45. g6 h4 46. g7 h3 {[%emt 0:00:14] [#]} 47. Ng6+ $1 {[%emt 0:00:54][%mdl 512] Weighted Error Value: White=0.57/Black=0.37.  Loses game:     	---       	Black=2      Mistake:       	White=4     	Black=4      Inaccurate:     	White=3     	Black=6      OK:         	White=10    	Black=13     Best:        	White=2     	Black=3      Strong:       	White=1     	---} 1-0